 Dungeon Crawl Stone Soup version 0.30-a0-463-g4188047c90 (webtiles) character file.

Game seed: 4272463430641263834

1 M4edhros the Charlatan (level 1, -1/13 HPs)
             Began as an Octopode Artificer on Dec 17, 2022.
             Frozen to death by an endoplasm (3 damage)
             ... on level 1 of the Dungeon.
             The game lasted 00:00:13 (69 turns).

M4edhros the Charlatan (Octopode Artificer)           Turns: 69, Time: 00:00:14

Health: -1/13      AC:  1    Str: 11    XL:     1   Next: 20%
Magic:  1/1        EV: 10    Int: 13    God:
Gold:   0          SH:  0    Dex: 12    Spells: 0/0 levels left

rFire   . . .      SeeInvis .    (no weapon)
rCold   . . .      Faith    .    (no shield)
rNeg    . . .      Spirit   .    (helmet restricted)
rPois   .          Reflect  .    (no amulet)
rElec   .          Harm     .    (no ring)
rCorr   .          Rampage  .    (no ring)
Will    .....                    (no ring)
Stlth   +++.......               (no ring)
HPRegen 0.22/turn                (no ring)
MPRegen 0.07/turn                (no ring)
                                 (no ring)
                                 (no ring)

@: constricted
A: almost no armour, amphibious, 8 rings, camouflage 1, gelatinous body 1,
(nimble swimmer 1), tentacles
a: no special abilities


You were on level 1 of the Dungeon.
You visited 1 branch of the dungeon, and saw 1 of its levels.

Inventory:

Wands
 b - a wand of flame (15) (quivered)
 c - a wand of charming (15)
 d - a wand of iceblast (5)
Scrolls
 a - a scroll of identify {unknown}


   Skills:
 - Level 1.0 Fighting
 + Level 2.3 Dodging
 + Level 1.5 Stealth
 + Level 3.3 Evocations


You couldn't memorise any spells.
You didn't know any spells.
Your spell library was empty.

Dungeon Overview and Level Annotations

Branches:
Dungeon (1/15)

Altars:


Innate Abilities, Weirdness & Mutations

You cannot wear most types of armour.
You are amphibious.
You can wear up to eight rings at the same time.
Your skin changes colour to match your surroundings (Stealth+).
Your rubbery body absorbs attacks. (AC +1, EV +1)
((You are camouflaged when in or above water. (Stealth+)))
You have tentacles for arms and can constrict up to eight enemies at once.


Message History

The bat hits you.
A bat is nearby!
The bat hits you.
A bat is nearby!
The bat barely misses you.
A bat is nearby!
You tentacle-slap the bat.
You kill the bat!
HP restored.
a - a scroll labelled GISY KISIDEKI No target in view!
A ball python comes into view.
A ball python is nearby!
An endoplasm comes into view.
The ball python hisses angrily.
The ball python barely misses you. The ball python completely misses you.
The ball python closely misses you. The ball python grabs you.
The ball python constricts you.
You barely miss the ball python.
The endoplasm quivers.
Your grab misses the ball python. Your squeeze misses the ball python.
The ball python bites you. The ball python constricts you.
There are monsters nearby!
You closely miss the ball python. Your grab misses the ball python.
The ball python bites you. The ball python constricts you.
The endoplasm misses you.
You tentacle-slap the ball python. Your grab misses the ball python.
The ball python is moderately wounded.
The ball python closely misses you. The ball python constricts you.
The endoplasm barely misses you.
Unknown command.
You tentacle-slap the ball python. You grab the ball python.
The ball python is heavily wounded.
You constrict the ball python. The ball python bites you.
* * * LOW HITPOINT WARNING * * *
The ball python constricts you.
* * * LOW HITPOINT WARNING * * *
The endoplasm freezes you.
You are frozen.
You die...

##... #..........# ##8.
#..........# ##'
#..........# #..
#..........# #.#
#..........# #.#
#..........# #.#
###...J......##### #.#
......S@.........#####.#
##..###.................
#...............).
#...............†...
...###......#........
##. ######.......... #
###........ #........
#........


You could see an endoplasm and a ball python.

Vanquished Creatures
  A bat (D:1)
1 creature vanquished.

Notes
Turn   | Place    | Note
-------+----------+-------------------------------------------
     0 | D:1      | M4edhros the Octopode Artificer began the quest for the
                  | Orb.
     0 | D:1      | Reached XP level 1. HP: 13/13 MP: 1/1
    69 | D:1      | Frozen to death by an endoplasm

Illustrated notes

Levels and vault maps discovered:
D:1:      kennysheep_arrival_forest, layout_basic

Action                   || total
-------------------------++-------
Melee: Unarmed           ||    13
       Constrict         ||     5
Armor: Skin              ||     7
Dodge: Dodged            ||    25

Table legend: (Time is in decaauts)
 A = Elapsed time spent in this place.
 B = Non-inter-level travel time spent in this place.
 C = Inter-level travel time spent in this place.
 D = Time resting spent in this place.
 E = Time spent auto-exploring this place.
 F = Levels seen in this place.
 G = Mean time per level.
                   A        B        C        D        E       F      G
               +--------+--------+--------+--------+--------+-----+--------+
         Total |     69 |     69 |      0 |      0 |     26 |   1 |   69.0 |
       Dungeon |     69 |     69 |      0 |      0 |     26 |   1 |   69.0 |
               +--------+--------+--------+--------+--------+-----+--------+

Top non-repeatable levels by time:
     D:1: 69 daAuts
